 Dungeon Crawl Stone Soup version 0.31-a0-750-gfe7b580527 (webtiles) character file.

Game seed: 1269428602094917521

37 dondy the Chiller (level 3, 7/24 HPs)
             Began as a Demonspawn Ice Elementalist on Sept 14, 2023.
             Quit the game on level 2 of the Dungeon.
             The game lasted 00:03:53 (1180 turns).

dondy the Chiller (Demonspawn Ice Elementalist)     Turns: 1180, Time: 00:03:54

Health: 7/24       AC:  2    Str:  8    XL:     3   Next: 21%
Magic:  4/6        EV: 12    Int: 18    God:
Gold:   93         SH:  0    Dex: 13    Spells: 2/6 levels left

rFire   . . .        (no weapon)
rCold   . . .        (no shield)
rNeg    . . .        a - +0 robe
rPois   .            (no helmet)
rElec   .            (no cloak)
rCorr   .            (no gloves)
SInv    .            (no boots)
Will    .....        (no amulet)
Stlth   ++           (no ring)
HPRegen 0.24/turn    (no ring)
MPRegen 0.10/turn

%: no passive effects
@: no status effects
A: claws 1, powered by pain 1
a: no special abilities


You were on level 2 of the Dungeon.
You visited 1 branch of the dungeon, and saw 2 of its levels.

You collected 93 gold pieces.

Inventory:

Missiles
 c - 3 poisoned darts
Armour
 a - a +0 robe (worn)
Scrolls
 d - a scroll of vulnerability {unknown}
 h - a scroll of immolation {unknown}
 i - a scroll of amnesia {unknown}
 j - a scroll of silence {unknown}
 k - a scroll of blinking
 l - a scroll of revelation {unknown}
Potions
 b - a potion of magic
 e - a potion of heal wounds {unknown}
 f - 2 potions of attraction {unknown}
 g - 2 potions of curing {unknown}


   Skills:
 - Level 2.0 Dodging
 - Level 2.0 Stealth
 - Level 2.0 Spellcasting
 + Level 4.5 Ice Magic


You had 2 spell levels left.
You knew the following spells:

 Your Spells              Type           Power      Damage    Failure   Level
a - Freeze                Ice            72%        1d8       2%          1
b - Frozen Ramparts       Ice            36%        1d6       9%          3

Your spell library contained the following spells:

 Spells                   Type           Power      Damage    Failure   Level
 Ozocubu's Armour         Ice            18%        N/A       9%          3
 Summon Ice Beast         Ice/Summ       9%         N/A       56%         4


Dungeon Overview and Level Annotations

Branches:
Dungeon (2/15)

Altars:


Innate Abilities, Weirdness & Mutations

You have sharp fingernails.
You sometimes gain a little power by taking damage.


Message History

The giant cockroach bites you but does no damage.
The ball python barely misses you. The ball python grabs you.
The ball python constricts you.
There is a stone staircase leading up, spattered with blood here.
You escape the ball python's grasp.
The giant cockroach bites you.
You climb upwards.
There is a stone staircase leading down here.
You freeze the giant cockroach.
You kill the giant cockroach!
The ball python closely misses you. x2; The ball python misses you.
The ball python grabs you. The ball python constricts you.
Unknown command.
You freeze the ball python.
You kill the ball python!
You can't see any susceptible monsters within range! (Use Z to cast anyway.)
Things that are here:
a +0 whip; a giant cockroach corpse; a gnoll corpse You start resting.
HP restored.
You start resting.
Magic restored.
You see here a ball python corpse.
Things that are here:
a stone; a +0 dagger
There is a stone staircase leading down here.
You climb downwards.
There is a stone staircase leading up here.
l - a scroll labelled FUDEDD ULIEN The gnoll shouts!
The gnoll barely misses you. The gnoll hits you with a +0 spear!
You freeze the gnoll.
The gnoll is moderately wounded.
The gnoll hits you with a +0 spear.
You freeze the gnoll.
The gnoll is severely wounded.
The rat barely misses you. The gnoll hits you with a +0 spear.
* * * LOW HITPOINT WARNING * * *
You are too injured to fight recklessly!
Are you sure you want to abandon this character and quit the game? (Confirm with "yes".)

....$..#..# ........####
#......#..#########...###
...............>#.....### ##
.........# #....<......#
...###.......###.....#...#.#
...................#.#####.#
...................#...# #.#
........#.rg.......###.# #.#
###.....#..@.g.....# #.# #.#
#...$............# #.###.#
##......########.# #.....#
#####..# #.# #.#####
#####..########.#####
..$..........##...#
##.....#####.##...# ##....#
#.##...## ....... #.......#


You could see 2 gnolls and a rat.

Vanquished Creatures
  A gnoll (D:1)
  A dart slug (D:2)
  5 ball pythons (D:1)
  2 endoplasms
  2 giant cockroaches (D:1)
  2 goblins (D:1)
  3 hobgoblins
  2 kobolds (D:1)
  A quokka (D:2)
  A bat (D:1)
  3 frilled lizards (D:1)
  A rat (D:1)
24 creatures vanquished.

Notes
Turn   | Place    | Note
-------+----------+-------------------------------------------
     0 | D:1      | dondy the Demonspawn Ice Elementalist began the quest for
                  | the Orb.
     0 | D:1      | Reached XP level 1. HP: 13/13 MP: 3/3
   169 | D:1      | Discovered your monstrous ancestry.
   169 | D:1      | Gained mutation: You have sharp fingernails. [demonic
                  | ancestry]
   169 | D:1      | Reached XP level 2. HP: 14/19 MP: 0/5
   413 | D:1      | Reached skill level 4 in Ice Magic
  1062 | D:1      | Gained mutation: You sometimes gain a little power by
                  | taking damage. [demonic ancestry]
  1062 | D:1      | Reached XP level 3. HP: 15/24 MP: 2/6
  1066 | D:1      | Learned a level 3 spell: Frozen Ramparts
  1180 | D:2      | Quit the game

Illustrated notes

Levels and vault maps discovered:
D:1:      mrwooster_arrival_statue_2, layout_basic
D:2:      minmay_diamond_boxcup, layout_basic

Skill      XL: |  1  2 |
---------------+-------+-----
Dodging        | 2 |  2.0
Stealth        | 2 |  2.0
Ice Magic      | 4 |  4.5
Spellcasting   | |  2.0

Action                     || total
---------------------------++-------
   Cast: Freeze            ||    38
    Use: Scroll            ||     2
 Armour: Robe              ||    28
  Dodge: Dodged            ||    36

Table legend: (Time is in decaauts)
 A = Elapsed time spent in this place.
 B = Non-inter-level travel time spent in this place.
 C = Inter-level travel time spent in this place.
 D = Time resting spent in this place.
 E = Time spent auto-exploring this place.
 F = Levels seen in this place.
 G = Mean time per level.
                   A        B        C        D        E       F      G
               +--------+--------+--------+--------+--------+-----+--------+
         Total |   1182 |   1132 |     50 |    290 |    590 |   2 |  591.0 |
       Dungeon |   1182 |   1132 |     50 |    290 |    590 |   2 |  591.0 |
               +--------+--------+--------+--------+--------+-----+--------+

Top non-repeatable levels by time:
     D:1: 1033 daAuts
     D:2: 148 daAuts
